 Dungeon Crawl Stone Soup version 0.29-a0-824-gd827844252 (webtiles) character file.

Game seed: 16410484954084998432

1547 LynnLen the Covert (level 8, -7/49 HPs)
             Began as a Vampire Enchanter on July 9, 2022.
             Killed by divine providence
             ... invoked by an orc priest
              (14 damage)
             ... on level 6 of the Dungeon.
             The game lasted 00:21:37 (7864 turns).

LynnLen the Covert (Vampire Enchanter)              Turns: 7864, Time: 00:21:37

Health: -7/49      AC: 14    Str:  7    XL:     8   Next: 57%
Magic:  11/11      EV: 11    Int: 25    God:
Gold:   349        SH:  0    Dex: 15    Spells: 8/11 levels left

rFire   . . .      SeeInvis +   a - +2 dagger
rCold   + + .      Faith    .   (no shield)
rNeg    + + +      Spirit   .   s - +4 ring mail
rPois   ∞          Reflect  .   k - +1 helmet
rElec   .          Harm     .   q - +0 cloak
rCorr   .          Rampage  .   w - +0 pair of gloves
Will    .....                   z - +0 pair of boots
Stlth   ++++++....              (no amulet)
HPRegen 0.00/turn               f - +6 ring of intelligence
MPRegen 0.12/turn               (no ring)

@: about to teleport, bloodless, inhibited regen
A: bloodless, fangs 3, see invisible, vampiric 2
a: Bat Form, Revivify


You were on level 6 of the Dungeon.
You visited 2 branches of the dungeon, and saw 7 of its levels.

You collected 349 gold pieces.

Inventory:

Hand Weapons
 a - a +2 dagger (weapon)
Missiles
 b - 3 javelins
 d - 3 boomerangs (quivered)
 g - 12 poisoned darts
 l - 2 throwing nets
Armour
 k - a +1 helmet (worn)
 q - a +0 cloak (worn)
 s - a +4 ring mail (worn)
 w - a +0 pair of gloves (worn)
 z - a +0 pair of boots (worn)
Jewellery
 f - a +6 ring of intelligence (left hand)
Wands
 h - a wand of polymorph (6)
 y - a wand of mindburst (15)
Scrolls
 p - a scroll of teleportation
 r - a scroll of poison {unknown}
 x - a scroll of blinking {unknown}
Potions
 c - a potion of invisibility
 e - a potion of heal wounds {unknown}
 i - a potion of attraction {unknown}
 j - a potion of mutation
 m - 2 potions of brilliance
 n - a potion of cancellation {unknown}
 o - 2 potions of resistance
 t - a potion of haste {unknown}
 v - a potion of flight {unknown}


   Skills:
 * Level 5.0 Fighting
 + Level 5.3 Short Blades
 * Level 5.6 Dodging
 * Level 10.0 Stealth
 + Level 2.2 Spellcasting
 + Level 4.9 Hexes


You had 8 spell levels left.
You knew the following spells:

 Your Spells              Type           Power      Damage    Failure   Level
a - Tukima's Dance        Hex            27%        N/A       16%         3

Your spell library contained the following spells:

 Spells                   Type           Power      Damage    Failure   Level
 Confusing Touch          Hex            27%        N/A       16%         3
 Ensorcelled Hibernation  Hex/Ice        30%        N/A       22%         2
 Dazzling Flash           Conj/Hex       30%        N/A       38%         3
 Gell's Gravitas          Tloc           2%         N/A       75%         3
 Anguish                  Hex/Necr       7%         N/A       80%         4
 Necromutation            Tmut/Necr      Unusable   N/A       N/A         8

Dungeon Overview and Level Annotations

Branches:
Dungeon (6/15)             Temple (1/1) D:6

Altars:
Ashenzari
Cheibriados
Gozag
Hepliaklqana
Kikubaaqudgha
Makhleb
Okawaru
Sif Muna
Trog
Uskayaw
Wu Jian
Xom
Yredelemnul

Annotations:
D:3 1 runed translucent door


Innate Abilities, Weirdness & Mutations

You do not regenerate when monsters are visible.
You are frail without blood (-20% HP).
You can heal yourself when you bite living creatures.
You are immune to poison.
You have razor-sharp teeth.
You have supernaturally acute eyesight. (SInv)
You are afflicted with vampirism and can become a bat while bloodless.


Message History

You hit the orc priest but do no damage.
You bite the orc priest, but do no damage.
The orc priest is severely wounded.
The orc priest mumbles some strange prayers to Beogh against you.
Beogh smites you!
You hit the orc priest but do no damage.
The orc priest is severely wounded.
The orc priest hits you but does no damage.
You barely miss the orc priest.
The orc priest is severely wounded.
The orc priest invokes the aid of Beogh against you.
Beogh smites you!
* * * LOW HITPOINT WARNING * * *
You hit the orc priest but do no damage.
You bite the orc priest, but do no damage.
The orc priest is severely wounded.
You hit the orc priest but do no damage.
You bite the orc priest, but do no damage.
The orc priest is severely wounded.
The orc priest drinks a potion.
The orc priest is healed!
You barely miss the orc priest. The orc priest closely misses you.
You hit the orc priest but do no damage.
The orc wizard gestures wildly while chanting.
The orc wizard flickers and vanishes for a moment.
The orc priest hits you with a +0 glaive.
* * * LOW HITPOINT WARNING * * *
You hit the orc priest but do no damage.
You bite the orc priest, but do no damage.
You hit the orc priest but do no damage.
The orc priest hits you but does no damage.
You hit the orc priest.
The orc priest is lightly wounded.
The orc priest barely misses you.
You hit the orc priest but do no damage.
The orc priest is lightly wounded.
As you read the scroll of teleportation, it crumbles to dust.
You feel strangely unstable.
The orc priest invokes the aid of Beogh against you.
Beogh smites you!
You die...

..o..≈≈≈.......
.......≈.....#
......[≈...).##
................
... #..........#
#.# #o##.#.##..#
#)# #o# # #..#
#.# #o# #..# #.#
#@# #..# #.# #.#
#..####.## #.#
###......... #.#
#....####.## #.#
#.>..# #.#
#.#####...## #.#
#.........# #.#
########### #.#
#.#


You could see an orc priest, an orc wizard (invisible) and an orc.

Vanquished Creatures
  Sigmund (D:3)
  A black bear (D:4)
  An ogre (D:6)
  2 phantoms
  A bullfrog (D:5)
  2 necrophages
  4 scorpions
  4 hounds
  2 jellies
  An orc priest (D:3)
  Jessica (D:3)
  3 iguanas
  Terence (D:2)
  Natasha (thrice) (D:2)
  Robin (D:2)
  6 gnolls
  5 adders
  A worm (D:4)
  2 dart slugs
  5 orcs
  6 endoplasms
  4 giant cockroaches
  18 goblins
  11 hobgoblins
  5 quokkas
  7 ball pythons
  9 bats
  A frilled lizard (D:2)
  6 kobolds
  5 rats
119 creatures vanquished.

Vanquished Creatures (others)
  2 orcs (D:6)
  A butterfly (D:6)
3 creatures vanquished.

Grand Total: 122 creatures vanquished

Notes
Turn   | Place    | Note
-------+----------+-------------------------------------------
     0 | D:1      | LynnLen the Vampire Enchanter began the quest for the Orb.
     0 | D:1      | Reached XP level 1. HP: 13/13 MP: 3/3
   505 | D:1      | Reached XP level 2. HP: 15/15 MP: 5/5
   645 | D:1      | Reached skill level 5 in Stealth
  1082 | D:1      | Noticed a shining eye
  1084 | D:1      | Found a faded altar of an unknown god.
  1086 | D:1      | Noticed a great orb of eyes
  1091 | D:1      | Noticed a floating eye
  1091 | D:1      | Noticed a golden eye
  1412 | D:2      | Noticed Robin
  1728 | D:1      | Gained mutation: You are afflicted with vampirism and can
                  | become a bat while bloodless. [Vampire growth]
  1728 | D:1      | Reached XP level 3. HP: 15/20 MP: 6/6
  1905 | D:2      | Killed Robin
  2161 | D:2      | Got Keanoip's Papyrus of Profane Rituals and the Jaunt
  2329 | D:2      | Noticed Terence
  2349 | D:2      | Learned a level 3 spell: Tukima's Dance
  2373 | D:2      | Killed Terence
  2374 | D:2      | Reached skill level 1 in Fighting
  2374 | D:2      | Reached XP level 4. HP: 22/25 MP: 4/7
  2622 | D:2      | Noticed Natasha
  2629 | D:2      | Killed Natasha
  2800 | D:2      | Noticed Natasha
  2818 | D:2      | Killed Natasha
  2819 | D:2      | Reached XP level 5. HP: 14/31 MP: 8/8
  2947 | D:2      | Noticed Natasha
  3005 | D:2      | Killed Natasha
  3006 | D:2      | Reached skill level 6 in Stealth
  3250 | D:3      | Noticed Sigmund
  3251 | D:3      | Killed Sigmund
  3252 | D:3      | Reached XP level 6. HP: 37/37 MP: 9/9
  3252 | D:3      | Found a runed translucent door.
  3252 | D:3      | Noticed a human
  3257 | D:3      | Found a basalt altar of Yredelemnul.
  3534 | D:3      | Found an iron altar of Okawaru.
  3894 | D:3      | Noticed Jessica
  3899 | D:3      | Killed Jessica
  3921 | D:3      | Reached skill level 7 in Stealth
  4587 | D:4      | Found a broken altar of Ashenzari.
  4601 | D:4      | Found a shimmering blue altar of Sif Muna.
  4694 | D:4      | Found an ancient bone altar of Kikubaaqudgha.
  4705 | D:4      | Reached XP level 7. HP: 41/41 MP: 10/10
  5174 | D:4      | Reached skill level 8 in Stealth
  5334 | D:4      | Found a shimmering altar of Xom.
  5550 | D:5      | Entered Level 5 of the Dungeon
  6208 | D:5      | Reached XP level 8. HP: 48/48 MP: 11/11
  6397 | D:5      | Reached skill level 9 in Stealth
  6760 | D:6      | Reached skill level 5 in Short Blades
  6760 | D:6      | Reached skill level 5 in Dodging
  7133 | D:6      | HP: 1/48 [ogre/+0 giant spiked club (25)]
  7532 | D:6      | Reached skill level 5 in Fighting
  7532 | D:6      | Reached skill level 10 in Stealth
  7778 | D:6      | Found a staircase to the Ecumenical Temple.
  7786 | Temple   | Entered the Ecumenical Temple
  7864 | D:6      | Killed from afar by an orc priest

Illustrated notes

Levels and vault maps discovered:
D:1:      dpeg_arrival_arbitrary_a, layout_rooms,
          hellmonk_ecumenical_altar_watching_god, nicolae_hexahallways
D:2:      layout_rooms, grunt_decor_mini_mirrors, uniq_terence, uniq_robin,
          uniq_natasha
D:3:      layout_loops_cross, mainiacjoe_overflow_tiny_flanked,
          dk_yredelemnul_ordeal, dreamdust_princess_corridor, uniq_sigmund,
          uniq_jessica
D:4:      layout_rooms, mainiacjoe_overflow_surrounded_room,
          mainiacjoe_overflow_boulevard, mainiacjoe_overflow_paths, led_sif_book
D:5:      layout_loops_ring, small_statue_intersection
D:6:      layout_loops_ring, minitemple, minmay_temple_entry_butterflies,
          lemuel_old_faithful
Temple:   hellmonk_temple_rainy

Skill      XL: |  1  2  3  4  5  6  7  8 |
---------------+-------------------------+-----
Stealth        | 5 6 7 8 10 | 10.0
Fighting       | 1 2 3 4 5 |  5.0
Short Blades   | 2 3 4 5 |  5.3
Dodging        | 3 4 5 |  5.6
Spellcasting   | |  2.2
Hexes          | |  4.9

Action                   |  1- 3 |  4- 6 |  7- 9 || total
-------------------------+-------+-------+-------++-------
Melee: Dagger            |   134 |   177 |   319 ||   630
       Bite              |    15 |    19 |    48 ||    82
       Punch             |       |     3 |     2 ||     5
 Cast: Tukima's Dance    |     1 |     1 |     3 ||     5
 Abil: Exsanguinate      |     1 |       |       ||     1
Evoke: Wand              |       |       |     2 ||     2
  Use: Potion            |     2 |     2 |     4 ||     8
       Scroll            |     4 |     4 |     3 ||    11
 Stab: Sleeping          |     9 |    18 |    10 ||    37
Armor: Ring mail         |    60 |    84 |   127 ||   271
Dodge: Dodged            |    95 |    85 |   119 ||   299

Table legend: (Time is in decaauts)
 A = Elapsed time spent in this place.
 B = Non-inter-level travel time spent in this place.
 C = Inter-level travel time spent in this place.
 D = Time resting spent in this place.
 E = Time spent auto-exploring this place.
 F = Levels seen in this place.
 G = Mean time per level.
                   A        B        C        D        E       F      G
               +--------+--------+--------+--------+--------+-----+--------+
         Total |   7769 |   7769 |      0 |   3271 |   1889 |   7 | 1109.9 |
       Dungeon |   7750 |   7750 |      0 |   3271 |   1889 |   6 | 1291.7 |
        Temple |     19 |     19 |      0 |      0 |      0 |   1 |   19.0 |
               +--------+--------+--------+--------+--------+-----+--------+

Top non-repeatable levels by time:
     D:1: 1978 daAuts
     D:3: 1270 daAuts
     D:2: 1263 daAuts
     D:4: 1236 daAuts
     D:6: 1063 daAuts
     D:5: 937 daAuts
  Temple: 19 daAuts
